 Dungeon Crawl Stone Soup version 0.17.1-3-g152610e (webtiles) character file.

121 GFox the Covered (level 4, -2/35 HPs)
             Began as a Demonspawn Fighter on Mar 22, 2016.
             Killed from afar by jesusflecha's ghost (10 damage)
             ... with a spray of energy
             ... on level 3 of the Dungeon.
             The game lasted 00:23:36 (3282 turns).

GFox the Covered (Demonspawn Fighter)               Turns: 3282, Time: 00:23:39

Health: -2/35      AC:  9    Str: 17    XL:     4   Next: 76%
Magic:  4/4        EV:  7    Int:  9    God:
Gold:   100        SH:  9    Dex: 13    Spells: 0 memorised, 3 levels left

rFire  . . .     SeeInvis .     a - +0 war axe
rCold  . . .     Clarity  .     b - +0 scale mail
rNeg   . . .     SustAt   .     c - +0 shield
rPois  .         Gourm    +     (no helmet)
rElec  .         Spirit   .     l - +1 cloak
rCorr  .         Warding  .     (no gloves)
rMut   .         Stasis   .     (no boots)
MR     .....                    r - amulet of the gourmand
Stlth  ..........               (no ring)
                                (no ring)

@: lethally poisoned (-2 -> -17), not resistant to hostile enchantments,
extremely unstealthy
A: claws 1, foul stench 1, rot immunity
a: no special abilities


You were on level 3 of the Dungeon.
You were very full.

You visited 1 branch of the dungeon, and saw 3 of its levels.

You collected 100 gold pieces.

Inventory:

Hand Weapons
 a - a +0 war axe (weapon)
Armour
 b - a +0 scale mail (worn)
 c - a +0 shield (worn)
 l - a +1 cloak (worn)
Jewellery
 r - an amulet of the gourmand (around neck)
Scrolls
 f - a scroll of identify
 g - 2 scrolls of teleportation
 h - a scroll of enchant armour
 k - a scroll of remove curse
Comestibles
 i - a bread ration
 n - a meat ration


   Skills:
 + Level 3.3 Fighting
 + Level 2.1 Axes
 + Level 3.6 Armour
 + Level 1.0 Dodging
 + Level 0.4 Stealth
 + Level 3.6 Shields


You had 3 spell levels left.
You didn't know any spells.

Dungeon Overview and Level Annotations

Branches:
Dungeon (3/15)

Altars:
Vehumet

Annotations:
D:3 jesusflecha's ghost, amateur HECj


Innate Abilities, Weirdness & Mutations

You have sharp fingernails.
You may emit foul miasma when damaged in melee.
You are immune to rotting.


Message History

Jesusflecha's ghost casts a spell at you.
The magic dart hits you!
You barely miss jesusflecha's ghost.
Jesusflecha's ghost is almost destroyed.
You feel sick.
Jesusflecha's ghost points at you and mumbles some strange words.
The magic dart hits you!
You hit jesusflecha's ghost but do no damage.
Jesusflecha's ghost is almost destroyed.
You feel sick. You block jesusflecha's ghost's attack.
Jesusflecha's ghost is bathed in the radiant lights of Iskenderun.
Jesusflecha's ghost hits you but does no damage.
You are lethally poisoned!
You miss jesusflecha's ghost.
Jesusflecha's ghost is almost destroyed.
* * * LOW HITPOINT WARNING * * *
You feel sick.
Jesusflecha's ghost gestures at you while chanting.
The spray of energy hits you!
You die...

## #. #
#.######
#.#.W@...#
#.##.)...#
#...)<)..#
###)))...#
#......+
#......#
##.....#
#.....#
#.....#


You could see jesusflecha's ghost.

Vanquished Creatures
  An orc priest (D:3)
  3 adders (D:2)
  A worm (D:2)
  3 giant geckos (D:1)
  4 orcs (D:3)
  11 bats
  5 hobgoblins
  7 jackals (D:1)
  A quokka (D:3)
  A ball python (D:2)
  A giant cockroach (D:2)
  3 giant newts
  6 goblins
  4 kobolds
  3 rats (D:1)
54 creatures vanquished.

Notes
Turn   | Place    | Note
--------------------------------------------------------------
     0 | D:1      | GFox the Demonspawn Fighter began the quest for the Orb.
     0 | D:1      | Reached XP level 1. HP: 18/18 MP: 1/1
   201 | D:1      | Gained mutation: You are immune to rotting. [demonic ancestry]
   201 | D:1      | Reached XP level 2. HP: 24/24 MP: 2/2
   970 | D:1      | Gained mutation: You may emit foul miasma when damaged in melee. [demonic ancestry]
   970 | D:1      | Reached XP level 3. HP: 24/29 MP: 3/3
  1891 | D:2      | Found a radiant altar of Vehumet.
  2405 | D:2      | Gained mutation: You have sharp fingernails. [demonic ancestry]
  2405 | D:2      | Reached XP level 4. HP: 8/35 MP: 4/4
  3150 | D:3      | Reached skill level 1 in Dodging
  3267 | D:3      | Noticed jesusflecha's ghost (amateur HECj)
  3282 | D:3      | Killed from afar by jesusflecha's ghost

Action                   |  1- 3 |  4- 6 || total
-------------------------+-------+-------++-------
Melee: War axe           |   163 |    52 ||   215
  Use: Scroll            |       |    10 ||    10
       Potion            |       |     2 ||     2
  Eat: Chunk             |     1 |     8 ||     9
       Bread ration      |     1 |       ||     1
       Royal jelly       |       |     1 ||     1
